 Dungeon Crawl Stone Soup version 0.31-a0-252-gc4385922b5 (webtiles) character file.

Game seed: 15529099550034669730

154 qw the Shooter (level 5, 0/30 HPs)
             Began as a Gargoyle Hexslinger on July 12, 2023.
             Slain by an adder (1 damage)
             ... on level 3 of the Dungeon.
             The game lasted 00:01:00 (1794 turns).

qw the Shooter (Gargoyle Hexslinger)                Turns: 1794, Time: 00:01:01

Health: 0/30       AC: 11    Str: 12    XL:     5   Next: 35%
Magic:  6/6        EV: 10    Int: 13    God:
Gold:   136        SH:  0    Dex: 14    Spells: 5/6 levels left

rFire   . . .        Y - +1 sling
rCold   . . .        (no shield)
rNeg    + . .        g - +0 ring mail
rPois   inf          (no helmet)
rElec   +            b - +0 cloak
rCorr   .            (no gloves)
SInv    .            f - +0 pair of boots
Will    +....        (no amulet)
Stlth   +            m - ring of willpower
HPRegen 0.25/turn    (no ring)
MPRegen 0.10/turn

%: no passive effects
@: no status effects
A: sickness immunity, AC +4, negative energy resistance 1, electricity
resistance, torment resistance 1, petrification resistance
a: no special abilities


You were on level 3 of the Dungeon.
You visited 1 branch of the dungeon, and saw 3 of its levels.

You collected 136 gold pieces.


Innate Abilities, Weirdness & Mutations

You are immune to sickness and miasma.
Your stone body is resilient. (AC +4)
You are immune to poison.
You resist negative energy. (rN+)
You are resistant to electric shocks. (rElec)
You are resistant to unholy torment.
You are immune to petrification.


   Skills:
 - Level 2.1 Fighting
 + Level 4.9 Ranged Weapons
 - Level 1.0 Armour
 - Level 1.5 Dodging
 - Level 1.0 Spellcasting
 - Level 2.6 Hexes


You had 5 spell levels left.
You knew the following spells:

 Your Spells              Type           Power      Damage    Failure   Level
a - Slow                  Hex            28%        N/A       22%         1

Your spell library contained the following spells:

 Spells                   Type           Power      Damage    Failure   Level
 Inner Flame              Hex/Fire       4%         N/A       73%         3
 Portal Projectile        Hex/Tloc       8%         N/A       73%         3
 Cause Fear               Hex            3%         N/A       91%         4

Inventory:

Hand Weapons
 Y - a +1 sling (weapon)
Armour
 b - a +0 cloak (worn)
 f - a +0 pair of boots (worn)
 g - a +0 ring mail (worn)
Jewellery
 m - a ring of willpower (left hand)
Scrolls
 a - 2 scrolls of identify {unknown}
Potions
 c - a potion of magic {unknown}
 d - a potion of haste {unknown}
 h - a potion of cancellation {unknown}
 i - a potion of curing
 l - a potion of enlightenment {unknown}

Dungeon Overview and Level Annotations

Branches:
Dungeon (3/15)

Altars:

Annotations:
D:3 Terence


Message History

You shoot a sling bullet.
The sling bullet hits Terence but does no damage.
Terence is heavily wounded.
The adder bites you. Terence barely misses you. The adder barely misses you.
Terence hits you with a +6 flail of protection.
You shoot a sling bullet. The sling bullet hits Terence.
Terence is severely wounded.
The adder bites you but does no damage. Terence barely misses you.
You shoot a sling bullet. The sling bullet barely misses Terence.
The adder bites you. The adder bites you but does no damage.
Terence hits you with a +6 flail of protection.
You shoot a sling bullet.
The sling bullet hits Terence but does no damage.
Terence is severely wounded.
The adder barely misses you. Terence barely misses you.
The adder bites you but does no damage.
You shoot a sling bullet.
The sling bullet hits Terence but does no damage.
Terence is severely wounded.
Terence hits you with a +6 flail of protection!
The adder misses you. Terence barely misses you.
You shoot a sling bullet.
The sling bullet hits Terence but does no damage.
Terence is severely wounded.
The adder bites you but does no damage. The adder barely misses you.
Terence barely misses you.
You shoot a sling bullet.
The sling bullet hits Terence but does no damage.
Terence is severely wounded.
The adder barely misses you. Terence completely misses you.
The adder bites you but does no damage.
You shoot a sling bullet.
The sling bullet hits Terence but does no damage.
Terence is severely wounded.
Terence hits you but does no damage. The adder bites you but does no damage.
You shoot a sling bullet. The sling bullet barely misses Terence.
The adder bites you but does no damage.
Terence hits you with a +6 flail of protection.
The adder bites you.
You die...

# ##....##.##.##.##.#
###..#####.##.##.##.#
.#.........##.##.##.#
#.##.......##.##.##.#
##.#
#.###########.......#
#...# #.# ####.####
#...# #.### #.# #...#
....# #%# #####...#
#.#.# #@# ##........
###.#
......S@................
#.#
..........######........
#.# ..........###
####...# #.##
............# ###.....
###..#########.....#.#
#......# #........#
#.....#.# #.#.....
#)#..##..# #######.#
#.##...# #.#..##..# #.#
#.#.....


You could see Terence and an adder.

Vanquished Creatures
  A hound (D:3)
  Jessica (D:2)
  3 adders
  A worm (D:1)
  3 dart slugs
  An orc (D:3)
  7 ball pythons
  4 endoplasms
  2 giant cockroaches
  8 goblins
  6 hobgoblins
  4 kobolds
  4 quokkas
  4 bats
  6 frilled lizards
  5 rats
60 creatures vanquished.

Notes
Turn   | Place    | Note
-------+----------+-------------------------------------------
     0 | D:1      | qw the Gargoyle Hexslinger began the quest for the Orb.
     0 | D:1      | Reached XP level 1. HP: 12/12 MP: 2/2
     0 | D:1      | 0 ||| qw: Version: 0.3-a-52-g30416fa
     0 | D:1      | 0 ||| qw: Game counter: 6618
     0 | D:1      | 0 ||| qw: Melee chars always use a shield: true
     0 | D:1      | 0 ||| qw: God list: Okawaru
     0 | D:1      | 0 ||| qw: Allow faded altars: false
     0 | D:1      | 0 ||| qw: Do Orc after clearing Dungeon:15 true
     0 | D:1      | 0 ||| qw: Do second Lair branch before Depths: true
     0 | D:1      | 0 ||| qw: Lair rune preference: random
     0 | D:1      | 0 ||| qw: Goals: Normal
     0 | D:1      | 0 ||| PLANNING D:1-11
   125 | D:1      | Reached XP level 2. HP: 10/16 MP: 3/3
   291 | D:1      | Reached skill level 3 in Ranged Weapons
   562 | D:1      | Reached XP level 3. HP: 21/21 MP: 4/4
   804 | D:1      | 804 ||| UPGRADING to +0 pair of boots.
   809 | D:1      | 809 ||| UPGRADING to +0 ring mail.
   819 | D:1      | 819 ||| DROPPING +0 robe.
   820 | D:1      | 820 ||| DROPPING ring of magical power.
   821 | D:1      | 821 ||| UPGRADING to ring of willpower.
   822 | D:1      | 822 ||| READING scroll labelled HEEPIKHLEGOE.
   823 | D:1      | 823 ||| READING scroll labelled LONGYTOSOA.
   824 | D:1      | 824 ||| READING scroll labelled AFRIDI OSSUUL.
   827 | D:1      | 827 ||| DRINKING 2 glowing pink potions.
   828 | D:1      | 828 ||| DROPPING scroll of poison.
   862 | D:2      | 862 ||| STAIRDANCE
   910 | D:2      | 910 ||| STAIRDANCE
   989 | D:2      | Reached skill level 1 in Armour
  1039 | D:2      | Noticed Jessica
  1043 | D:2      | Killed Jessica
  1044 | D:2      | Reached XP level 4. HP: 22/26 MP: 5/5
  1138 | D:2      | Reached skill level 4 in Ranged Weapons
  1257 | D:2      | Found a faded altar of an unknown god.
  1321 | D:2      | 1321 ||| UPGRADING to +0 cloak.
  1326 | D:2      | 1326 ||| READING 2 scrolls labelled HEOTZUFEUDD.
  1327 | D:2      | 1327 ||| DROPPING scroll of blinking.
  1384 | D:3      | Reached XP level 5. HP: 19/30 MP: 6/6
  1774 | D:3      | Noticed Terence
  1790 | D:3      | HP: 2/30 [Terence/+6 flail of protection (10)]
  1794 | D:3      | Slain by an adder

Levels and vault maps discovered:
D:1:      lemuel_arrival_hallway, layout_basic, minmay_indecisive_spiral
D:2:      layout_rooms, chequers_ecumenical_altar_simple_redux,
          kennysheep_jessica_study
D:3:      layout_loops_cross, uniq_jessica, uniq_terence

Skill      XL: |  1  2  3  4 |
---------------+-------------+-----
Ranged Weapons | 3 4 |  4.9
Fighting       | 2 |  2.1
Armour         | 1 |  1.0
Dodging        | |  1.5
Spellcasting   | |  1.0
Hexes          | |  2.6

Action                     |  1- 3 |  4- 6 || total
---------------------------+-------+-------++-------
   Fire: Sling             |   102 |   136 ||   238
    Use: Scroll            |     3 |     1 ||     4
         Potion            |     1 |       ||     1
 Armour: Robe              |    10 |       ||    10
         Ring mail         |    19 |    92 ||   111
  Dodge: Dodged            |    24 |   110 ||   134

Table legend:
 A = Non-vault XP
 B = Vault XP
 C = Vault XP percentage of total XP
 D = Non-vault monster count
 E = Vault monster count
 F = Vault count percentage of total count
                 A         B        C        D         E       F
            +---------+---------+-------+---------+---------+-------
      Total |     173 |      47 |  21.4 |      54 |       6 |  10.0
            +---------+---------+-------+---------+---------+-------
        D:1 |      44 |       8 |  15.4 |      21 |       4 |  16.0
        D:2 |      58 |      39 |  40.2 |      22 |       2 |   8.3
        D:3 |      71 |       0 |   0.0 |      11 |       0 |   0.0
            +---------+---------+-------+---------+---------+-------
